AoeStats
← 化学炼金法Al+Cu→Au+Cl

Arena

510093187Analyzed
4v4 RM · 4d ago on Sep 29, 2026· 52m 13s· 8 players
Game mode
Random Map
Map size
Large (8 player)
Population
200
Speed
Normal
Resources
Standard
Victory
Conquest
Starting age
Dark Age
Ending age
Imperial Age
RankedLock teamsTeams togetherTeam positionsShared explorationLock speedFull tech treeHidden civsTurbo modeCheats
Victory
Defeat
🇨🇳 Mongols · China
1125
+11
1053
+13
🇨🇳 Portuguese · China
1032
+14
🇨🇳 Spanish · China
960
+17
🇨🇳 Persians · China
1059
-16
🇪🇸 Britons · Spain
986
-13
975
-13
🇨🇳 Cumans · China
965
-34
Julius Caesar
9:44 Feudal Age
8:18 Loom
10:07 Double-Bit Axe
12:11 Horse Collar
17:16 Castle Age
15:10 Man-at-Arms
18:17 Arson
19:21 Forging
23:12 Long Swordsman
24:14 Gambesons
26:15 Scale Mail Armor
28:52 Pikeman
31:16 Bow Saw
31:09 Heavy Plow
33:35 Wheelbarrow
33:02 Gold Mining
36:12 Imperial Age
33:37 Stone Mining
34:22 Gold Shaft Mining
35:59 Hand Cart
38:08 Chemistry
37:43 Crop Rotation
38:18 Two-Man Saw
38:27 Stone Shaft Mining
39:35 Conscription
39:40 Scale Barding Armor
40:55 Kamandaran
41:05 Citadels
41:37 Crossbowman
42:23 Thumb Ring
44:44 Iron Casting
44:30 Chain Barding Armor
44:10 Padded Archer Armor
44:00 Fletching
44:26 Chain Mail Armor
45:03 Masonry
45:25 Elite War Elephant
46:43 Squires
47:47 Blast Furnace
46:20 Cavalier
47:42 Husbandry
47:52 Bloodlines
47:03 Light Cavalry
48:26 Plate Barding Armor
47:48 Bodkin Arrow
Master of Ludus
0:27 Loom
12:31 Feudal Age
17:36 Castle Age
15:21 Horse Collar
17:18 Wheelbarrow
16:31 Double-Bit Axe
18:28 Bow Saw
18:21 Heavy Plow
23:26 Stone Mining
25:11 Fortified Wall
26:35 Hand Cart
28:47 Masonry
31:16 Imperial Age
29:12 Gold Mining
29:44 Pikeman
30:10 Gambesons
30:25 Squires
30:11 Arson
30:19 Fletching
30:30 Padded Archer Armor
30:41 Forging
30:31 Scale Mail Armor
30:44 Masonry
30:30 Crossbowman
30:35 Man-at-Arms
31:54 Bodkin Arrow
32:14 Leather Archer Armor
32:02 Scale Mail Armor
32:25 Ballistics
33:08 Chemistry
32:33 Conscription
32:47 Elite Longbowman
32:50 Elite Skirmisher
33:50 Arbalester
35:38 Hoardings
35:55 Yeomen
35:43 Bracer
36:21 Ring Archer Armor
37:28 Onager
37:29 Capped Ram
39:19 Gold Shaft Mining
40:27 Long Swordsman
40:27 Halberdier
41:54 Iron Casting
41:34 Chain Mail Armor
41:52 Two-Handed Swordsman
瘦死的骆驼比马大
11:26 Feudal Age
15:20 Castle Age
13:11 Double-Bit Axe
13:09 Horse Collar
16:46 Bow Saw
21:54 Wheelbarrow
21:33 Heavy Plow
22:55 Loom
23:26 Stone Mining
23:27 Gold Mining
26:26 Gold Shaft Mining
28:48 Imperial Age
27:39 Fletching
27:49 Padded Archer Armor
28:15 Ballistics
28:36 Hand Cart
29:22 Leather Archer Armor
29:03 Bodkin Arrow
29:03 Guard Tower
30:35 Two-Man Saw
30:42 Chemistry
30:35 Bracer
31:06 Ring Archer Armor
30:09 Elite Skirmisher
31:44 Conscription
32:21 Scale Mail Armor
32:32 Forging
32:07 Pikeman
32:47 Squires
35:27 Keep
35:56 Chain Mail Armor
35:36 Halberdier
37:56 Plate Mail Armor
38:27 Scale Barding Armor
38:58 Iron Casting
38:12 Arrowslits
38:33 Siege Engineers
38:39 Masonry
38:41 Fortified Wall
38:42 Siege Engineers
38:49 Yasama
39:34 Bloodlines
39:24 Husbandry
38:45 Light Cavalry
40:06 Chain Barding Armor
40:47 Blast Furnace
45:36 Kataparuto
蒲池木昜
12:13 Feudal Age
17:04 Double-Bit Axe
23:41 Scale Barding Armor
24:22 Wheelbarrow
25:20 Forging
27:49 Castle Age
27:00 Arson
27:37 Bloodlines
35:01 Bow Saw
35:52 Steppe Husbandry
40:30 Padded Archer Armor
40:21 Fletching
40:35 Gold Mining
40:40 Stone Mining
42:05 Ballistics
44:12 Scale Mail Armor
44:48 Iron Casting
44:54 Chain Barding Armor
49:21 Imperial Age
48:22 Bodkin Arrow
49:40 Elite Kipchak
50:28 Cuman Mercenaries
叫声乌鸦哥
9:45 Feudal Age
13:22 Castle Age
11:09 Double-Bit Axe
11:39 Horse Collar
14:14 Heavy Plow
15:46 Heavy Plow
22:16 Wheelbarrow
21:29 Loom
22:24 Bow Saw
23:36 Hand Cart
23:55 Gold Mining
28:32 Imperial Age
25:49 Town Watch
26:43 Gold Shaft Mining
28:48 Onager
29:34 Siege Engineers
29:50 Drill
30:34 Nomads
30:47 Caravan
31:29 Conscription
30:34 Siege Onager
32:31 Chemistry
33:00 Fletching
32:31 Elite Mangudai
33:36 Ballistics
33:37 Bodkin Arrow
33:42 Padded Archer Armor
34:12 Bracer
34:26 Masonry
35:53 Husbandry
36:04 Bloodlines
36:11 Leather Archer Armor
36:01 Thumb Ring
36:21 Parthian Tactics
36:34 Hoardings
37:16 Coinage
38:36 Banking
41:19 Stone Mining
化学炼金法Al+Cu→Au+Cl
8:36 Feudal Age
9:55 Double-Bit Axe
13:18 Horse Collar
15:40 Wheelbarrow
20:05 Castle Age
19:12 Scale Barding Armor
19:30 Forging
20:57 Bloodlines
21:20 Bow Saw
21:11 Heavy Plow
23:39 Gold Mining
23:43 Stone Mining
26:51 Imperial Age
24:55 Chain Barding Armor
24:02 Capped Ram
27:35 Iron Casting
27:10 Elite Steppe Lancer
28:29 Plate Barding Armor
29:00 Hand Cart
30:40 Blast Furnace
30:37 Crop Rotation
32:02 Two-Man Saw
33:21 Gold Shaft Mining
32:21 Siege Ram
34:32 Loom
34:33 Town Watch
36:22 Caravan
36:53 Coinage
36:34 Guilds
36:55 Town Patrol
38:29 Cuman Mercenaries
38:50 Conscription
38:32 Steppe Husbandry
38:27 Fletching
39:37 Banking
45:41 Herbal Medicine
从不压堡之人
10:57 Feudal Age
12:26 Double-Bit Axe
14:58 Castle Age
12:49 Horse Collar
17:06 Bow Saw
20:02 Wheelbarrow
20:34 Loom
21:24 Town Watch
22:18 Heavy Plow
24:41 Hand Cart
26:58 Caravan
30:22 Imperial Age
28:15 Ballistics
28:36 Inquisition
30:05 Sanctity
29:39 Fletching
31:01 Husbandry
31:11 Bloodlines
30:58 Bodkin Arrow
31:08 Scale Barding Armor
32:11 Two-Man Saw
31:36 Guilds
32:30 Theocracy
32:10 Block Printing
32:21 Illumination
32:18 Redemption
33:25 Chemistry
32:48 Fervor
33:19 Bracer
33:39 Chain Barding Armor
34:31 Stone Mining
34:35 Gold Mining
36:02 Plate Barding Armor
35:28 Padded Archer Armor
36:23 Arrowslits
36:28 Guard Tower
37:30 Masonry
37:48 Supremacy
37:50 Conscription
38:06 Murder Holes
38:46 Keep
38:41 Architecture
38:28 Devotion
39:24 Leather Archer Armor
38:32 Capped Ram
39:37 Siege Ram
43:18 Bombard Tower
43:09 Fortified Wall
44:56 Man-at-Arms
45:22 Gambesons
45:22 Arson
45:38 Squires
45:40 Scale Mail Armor
45:50 Forging
LLK是给
11:01 Feudal Age
11:56 Double-Bit Axe
12:40 Loom
15:00 Castle Age
13:19 Horse Collar
17:04 Bow Saw
18:55 Wheelbarrow
19:29 Heavy Plow
21:45 Hand Cart
22:14 Gold Mining
22:41 Town Watch
23:18 Stone Mining
26:55 Imperial Age
25:53 Stone Shaft Mining
25:01 Treadmill Crane
26:33 Fletching
28:24 Conscription
27:27 Elite Organ Gun
29:51 Chemistry
29:47 Bodkin Arrow
30:03 Arquebus
31:37 Circumnavigation
32:29 Bracer
33:11 Ballistics
33:50 Siege Engineers
34:18 Guilds
34:39 Coinage
34:10 Caravan
35:36 Masonry
36:10 Bombard Tower
37:17 Padded Archer Armor
37:50 Architecture
37:16 Murder Holes
39:24 Leather Archer Armor
43:40 Banking
45:41 Two-Man Saw
45:14 Fortified Wall
44:54 Guard Tower
51:02 Crop Rotation
Connection lost

Rejoining the realm…

Still unreachable

The connection could not be restored.

Session expired

The server has moved on; the page needs a fresh start.